 Dungeon Crawl Stone Soup version 0.32-a0-928-g1cae6b7ea0 (webtiles) character file.

Game seed: 10990233162630816297

178 bjtr the Firebug (level 5, -10/28 HPs)
             Began as a Gargoyle Fire Elementalist on Apr 12, 2024.
             Mangled by Crazy Yiuf
             ... wielding a +3 quarterstaff of chaos
              (18 damage)
             ... on level 3 of the Dungeon on Apr 13, 2024.
             The game lasted 00:09:36 (2427 turns).

bjtr the Firebug (Gargoyle Fire Elementalist)       Turns: 2427, Time: 00:09:38

Health: -10/28     AC: 11    Str: 11    XL:     5   Next: 58%
Magic:  5/9        EV:  9    Int: 18    God:
Gold:   121        SH:  0    Dex: 10    Spells: 1/10 levels left

rFire   . . .        k - +9 hand axe of Cerhesch {spect, rPois}
rCold   . . .        (no shield)
rNeg    + . .        q - +0 ring mail
rPois   ∞            t - +0 helmet
rElec   +            (no cloak)
rCorr   .            (no gloves)
SInv    .            h - +0 pair of boots
Will    .....        (no amulet)
Stlth   +            (no ring)
HPRegen 0.24/turn    (no ring)
MPRegen 0.11/turn

%: no passive effects
@: fragile (+50% incoming damage)
A: sickness immunity, AC +4, negative energy resistance 1, electricity
resistance, torment resistance 1, petrification resistance
a: no special abilities


You were on level 3 of the Dungeon.
You visited 1 branch of the dungeon, and saw 3 of its levels.

You collected 121 gold pieces.

Inventory:

Hand Weapons
 k - the +9 hand axe of Cerhesch (weapon) {spect, rPois}
   (You found it on level 2 of the Dungeon)

   rPois:     It protects you from poison.
 u - a +0 sling
 x - a +3 dagger
 B - a +0 long sword
Armour
 a - a +0 robe
 h - a +0 pair of boots (worn)
 n - an orb of light
 q - a +0 ring mail (worn)
 t - a +0 helmet (worn)
 v - an orb of wrath
Talismans
 j - a dragon-blood talisman
 w - a flux talisman
Wands
 z - a wand of flame (22)
Scrolls
 c - 2 scrolls of fog {unknown}
 e - a scroll of brand weapon {unknown}
 f - a scroll of revelation {unknown}
 i - a scroll of acquirement {unknown}
 m - a scroll of enchant weapon {unknown}
 o - 4 scrolls of identify {unknown}
 p - 2 scrolls of teleportation {unknown}
 r - 2 scrolls of poison {unknown}
 s - a scroll of fear {unknown}
 y - a scroll of noise {unknown}
Potions
 b - a potion of magic
 d - a potion of enlightenment {unknown}
 g - a potion of lignification {unknown}
 l - 2 potions of cancellation {unknown}
 A - a potion of curing {unknown}


   Skills:
 + Level 0.6 Fighting
 + Level 1.0 Axes
 + Level 0.5 Armour
 + Level 2.0 Dodging
 + Level 2.4 Stealth
 + Level 3.3 Spellcasting
 + Level 2.0 Conjurations
 + Level 4.1 Fire Magic


You had one spell level left.
You knew the following spells:

 Your Spells              Type           Power      Damage    Failure   Level
a - Foxfire               Conj/Fire      56%        2x1d6     11%         1
b - Scorch                Fire           36%        2d6       11%         2
c - Inner Flame           Hex/Fire       10%        N/A       43%         3
d - Volatile Blastmotes   Fire/Tloc      20%        2d11      43%         3

Your spell library contained the following spells:

 Spells                   Type           Power      Damage    Failure   Level
 Sting                    Conj/Alch      24%        1d4       26%         1
 Apportation              Tloc           4%         N/A       36%         1
 Necrotise                Necr           8%         1d4       36%         1
 Summon Small Mammal      Summ           8%         N/A       36%         1
 Flame Wave               Conj/Fire      14%        2d6       71%         4
 Dispel Undead            Necr           2%         3d7       98%         4
 Martyr's Knell           Necr/Summ      2%         N/A       98%         4
 Cigotuvi's Dreadful Rot  Necr/Alch/Air  Unusable   N/A       N/A         2

Dungeon Overview and Level Annotations

Branches:
Dungeon (3/15)

Altars:
Kikubaaqudgha

Shops:
D:3 ?

Annotations:
D:3 2 transporters, Crazy Yiuf; Lemonizer's ghost, amateur CoHs


Innate Abilities, Weirdness & Mutations

You are immune to sickness and miasma.
Your stone body is resilient. (AC +4)
You are immune to poison.
You resist negative energy. (rN+)
You are resistant to electric shocks. (rElec)
You are resistant to unholy torment.
You are immune to petrification.


Message History

The cloud of blastmotes explodes!
The concussive blast engulfs Crazy Yiuf.
Crazy Yiuf is lightly wounded.
The concussive blast engulfs you!
You closely miss Crazy Yiuf.
Crazy Yiuf is lightly wounded.
Crazy Yiuf barely misses you.
You closely miss Crazy Yiuf.
Crazy Yiuf is lightly wounded.
Crazy Yiuf hits you with a +3 quarterstaff of chaos!
You closely miss Crazy Yiuf.
Crazy Yiuf is lightly wounded.
Crazy Yiuf cries, "Tosser infinity senile!"
Crazy Yiuf closely misses you.
Crazy Yiuf cries, "Leather hand verde!"
Crazy Yiuf barely misses you.
You closely miss Crazy Yiuf.
Crazy Yiuf is lightly wounded.
Crazy Yiuf says, "Snoogle!
Ghoul chair broken."
Crazy Yiuf misses you.
You hit Crazy Yiuf.
Crazy Yiuf is moderately wounded.
Crazy Yiuf hits you with a +3 quarterstaff of chaos.
* * * LOW HITPOINT WARNING * * *
Your body becomes as fragile as glass!
Sorry, you're not good enough to have a special ability.
Unknown command.
Unknown command.
Unknown command.
Okay, then.
Okay, then.
Unknown command.
Casting: Volatile Blastmotes (extremely dangerous; 43% risk of failure)
Confirm with . or Enter, or press ? or * to list all spells.
Flames lash Crazy Yiuf.
Crazy Yiuf is almost dead.
Crazy Yiuf's fire resistance burns away.
Crazy Yiuf hits you with a +3 quarterstaff of chaos!
Ouch! That really hurt!
You die...

..##.....##........##
..........#)))......# ###########
.................##.###..........
...........##...###..##..........
..........####### ########......<
..........# #.......
####......####### #.......
...##.........#.### ### #.......
#..ß#.....÷....#@g##...# ####.###
.#.g#.........####.'...# #.#
...Y#..##....## ###..)# #.###
...r#©..###### ### ####....
...K#.....# #..#†... .#.W#.....#
##...... #..ß#..##.# ###
####...... ...##..##.#
##.####....#.... ####....<.#
####.......####.###


You could see Crazy Yiuf (combustible).

Vanquished Creatures
  Natasha (thrice) (D:3)
  An orc wizard (D:3)
  4 adders
  A ribbon worm (D:3)
  A dart slug (D:1)
  5 orcs (D:3)
  3 ball pythons
  An endoplasm (D:3)
  4 goblins
  5 hobgoblins
  A jackal (D:3)
  2 quokkas
  A frilled lizard (D:2)
  2 kobolds (D:3)
  2 rats
36 creatures vanquished.

Vanquished Creatures (others)
  65 foxfires
65 creatures vanquished.

Grand Total: 101 creatures vanquished

Notes
Turn   | Place    | Note
-------+----------+-------------------------------------------
     0 | D:1      | bjtr the Gargoyle Fire Elementalist began the quest for the
                  | Orb.
     0 | D:1      | Reached XP level 1. HP: 10/10 MP: 3/3
   287 | D:1      | Reached XP level 2. HP: 15/15 MP: 0/5
  1099 | D:2      | Identified the +9 hand axe of Cerhesch {spect, rPois}
  1270 | D:2      | Reached XP level 3. HP: 19/19 MP: 1/6
  1744 | D:3      | Found an ancient bone altar of Kikubaaqudgha.
  1768 | D:3      | Reached XP level 4. HP: 24/24 MP: 8/8
  1771 | D:3      | Noticed Natasha
  1776 | D:3      | Killed Natasha
  1777 | D:3      | Reached skill level 4 in Fire Magic
  1886 | D:3      | Found a transporter.
  1886 | D:3      | Noticed a sky beast
  1889 | D:3      | Noticed Lemonizer's ghost (amateur CoHs)
  1901 | D:3      | Found a transporter.
  1942 | D:3      | Reached XP level 5. HP: 16/28 MP: 6/9
  2055 | D:3      | Found a runed translucent door.
  2056 | D:3      | Noticed Crazy Yiuf
  2064 | D:3      | Noticed Natasha
  2071 | D:3      | Killed Natasha
  2167 | D:3      | Noticed Natasha
  2172 | D:3      | Killed Natasha
  2233 | D:3      | Reached skill level 1 in Axes
  2254 | D:3      | Found The Oracle's Delphic Readings.
  2262 | D:3      | Learned a level 2 spell: Scorch
  2266 | D:3      | Learned a level 3 spell: Inner Flame
  2270 | D:3      | Learned a level 3 spell: Volatile Blastmotes
  2280 | D:3      | Upgraded the game from 0.32-a0-918-g0f22ef8d61 to
                  | 0.32-a0-928-g1cae6b7ea0
  2427 | D:3      | Mangled by Crazy Yiuf

Illustrated notes

Levels and vault maps discovered:
D:1:      minmay_arrival_three_doors, layout_basic
D:2:      layout_basic, serial_park_tiny_pond, palyth_stone_intersect,
          corexii_leaking_fountain
D:3:      layout_rooms, nicolae_kikubaaqudgha_miasma_corner,
          gammafunk_ghost_arena, chequers_serial_rivers_large_a,
          nicolae_nh_oracle_at_delphi, uniq_crazy_yiuf_cottage, uniq_natasha

Skill      XL: |  1  2  3  4  5 |
---------------+----------------+-----
Spellcasting   | 3 |  3.3
Fire Magic     | 4 |  4.1
Dodging        | 2 |  2.0
Conjurations   | 2 |  2.0
Axes           | 1 |  1.0
Fighting       | |  0.6
Armour         | |  0.5
Stealth        | |  2.4

Action                     |  1- 3 |  4- 6 || total
---------------------------+-------+-------++-------
  Melee: Dagger            |     7 |       ||     7
         Hand axe          |     8 |    26 ||    34
   Cast: Foxfire           |    27 |    10 ||    37
         Scorch            |       |     1 ||     1
         Volatile Blastmot |       |     1 ||     1
 Armour: Robe              |     4 |       ||     4
         Ring mail         |     2 |    18 ||    20
  Dodge: Dodged            |     5 |     8 ||    13

Table legend: (Time is in decaauts)
 A = Elapsed time spent in this place.
 B = Non-inter-level travel time spent in this place.
 C = Inter-level travel time spent in this place.
 D = Time resting spent in this place.
 E = Time spent auto-exploring this place.
 F = Levels seen in this place.
 G = Mean time per level.
                   A        B        C        D        E       F      G
               +--------+--------+--------+--------+--------+-----+--------+
         Total |   2441 |   2379 |     62 |      0 |   1984 |   3 |  813.7 |
       Dungeon |   2441 |   2379 |     62 |      0 |   1984 |   3 |  813.7 |
               +--------+--------+--------+--------+--------+-----+--------+

Top non-repeatable levels by time:
     D:1: 1083 daAuts
     D:3: 716 daAuts
     D:2: 641 daAuts
